[Event "Titled Tuesday Blitz March 28 Early 2023"]
[White "Bogaudinov, Rushan"]
[Black "Zeynalli, Rashad"]
[WhiteFideId "4129288"]
[BlackFideId "13403320"]
[WhiteElo "1949"]
[BlackElo "2125"]
[Result "0-1"]
[Round "06"]
[TimeControl "180+2"]
[Date "2023.03.28"]
[WhiteClock "0:01:16"]
[BlackClock "0:01:45"]

1. d4 f5 2. g3 Nf6 3. Bg2 g6 4. Nc3 Bg7 5. e4 fxe4 6. Nxe4 Nxe4 7. Bxe4 d5 8. Bg2 O-O 9. f4 c5 10. dxc5 Qa5+ 11. c3 Qxc5 12. Qxd5+ Qxd5 13. Bxd5+ e6 14. Be4 Nd7 15. Be3 e5 16. O-O-O exf4 17. Bxf4 Nf6 18. Bf3 Ng4 19. Nh3 h6 20. Bd6 Rxf3 21. Nf4 Bf5 22. h3 Nf2 23. Rhf1 Rd8 24. g4 Bd3 25. Nxd3 Nxd3+ 26. Kc2 Rxf1 27. Rxf1 Rxd6 28. Rd1 Nb4+ 29. cxb4 Rxd1 30. Kxd1 Bxb2 31. Kc2 Ba3 32. Kb3 Bc1 33. Kc4 Kf7 34. Kd5 Ke7 35. b5 Bb2 36. a4 Bc3 37. Kc4 Ba5 38. Kd5 Bc7 39. h4 Kd7 40. h5 gxh5 41. gxh5 Ke7 42. Kc5 Kf6 43. Kd5 Kg5 44. Ke6 Kxh5 45. Kd7 Bb6 46. Kc8 Kg4 47. Kxb7 h5 48. Ka6 h4 49. a5 Bc5 50. Kb7 h3 51. Kc6 Bg1 52. b6 Bxb6 53. a6 h2 0-1


[Site "https://www.chess.com"]

[Event "Titled Tuesday Blitz March 28 Early 2023"]
[White "Yedidia, Daniel"]
[Black "Schut, Han"]
[WhiteFideId "30905907"]
[BlackFideId "1005561"]
[WhiteElo "2529"]
[BlackElo "2024"]
[Result "1-0"]
[Round "06"]
[TimeControl "180+2"]
[Date "2023.03.28"]
[WhiteClock "0:01:02"]
[BlackClock "0:00:18"]

1. Nf3 Nf6 2. c4 g6 3. g3 Bg7 4. Bg2 O-O 5. O-O d5 6. Nc3 c5 7. cxd5 Nxd5 8. e4 Nb4 9. a3 Nd3 10. Ne1 Nc6 11. Nxd3 Qxd3 12. Re1 Be6 13. Nd5 Bxd5 14. exd5 Nd4 15. Rxe7 Nb3 16. Re3 Nxc1 17. Rxd3 Nxd3 18. Qb3 Nxb2 19. Rb1 c4 20. Qc2 Nd3 21. Rxb7 Rab8 22. d6 Rxb7 23. Bxb7 Rb8 24. Qxc4 Rxb7 25. Qc8+ 1-0


[Site "https://www.chess.com"]

[Event "Titled Tuesday Blitz March 28 Early 2023"]
[White "Yelisieiev, Yevhenii"]
[Black "Abrosimov, Vladimir"]
[WhiteFideId "14139642"]
[BlackFideId "4166892"]
[WhiteElo "2447"]
[BlackElo "2336"]
[Result "1-0"]
[Round "06"]
[TimeControl "180+2"]
[Date "2023.03.28"]
[WhiteClock "0:00:14"]
[BlackClock "0:00:05"]

1. d4 Nf6 2. Nf3 g6 3. g3 Bg7 4. Bg2 d6 5. O-O Nbd7 6. b3 O-O 7. Bb2 c6 8. c4 Re8 9. Nc3 e5 10. dxe5 dxe5 11. e4 Qc7 12. Qe2 Nc5 13. b4 Ne6 14. Rfd1 Bd7 15. a3 Rad8 16. Na4 Bc8 17. Bxe5 Qe7 18. Bc3 Nf8 19. Nd2 b5 20. cxb5 cxb5 21. Qxb5 Bd7 22. Qa6 Rb8 23. Nc5 Bb5 24. Qa5 Ne6 25. Ndb3 Nxc5 26. Nxc5 Ng4 27. Bxg7 Kxg7 28. a4 Bc4 29. Rac1 Be6 30. h3 Nf6 31. b5 Rb6 32. e5 Nd7 33. Nxd7 Bxd7 34. Qxa7 Re6 35. Rxd7 Qf8 36. Rcc7 R6e7 37. Rxe7 Rxe7 38. Rxe7 Qd8 39. Rxf7+ Kh6 40. Rxh7+ Kg5 41. Qe3+ Kf5 42. Be4+ Ke6 43. Qb3+ Kxe5 44. Qe3 Kf6 45. Qf4+ Ke6 46. Bxg6 Qd1+ 47. Kh2 Qh1+ 48. Kxh1 Kd5 49. Bf7+ Kc5 50. b6 Kxb6 51. a5+ Ka6 52. Bc4+ Kxa5 53. Rh5+ Kb6 54. Qf6+ Kc7 55. Rh7+ Kc8 56. Qh8# 1-0


[Site "https://www.chess.com"]

[Event "Titled Tuesday Blitz March 28 Early 2023"]
[White "Georg, Heinz"]
[Black "Ronka, Erik"]
[WhiteFideId "4607295"]
[BlackFideId "505080"]
[WhiteElo "2238"]
[BlackElo "2264"]
[Result "0-1"]
[Round "06"]
[TimeControl "180+2"]
[Date "2023.03.28"]
[WhiteClock "0:00:20"]
[BlackClock "0:00:44"]

1. e4 a5 2. Nf3 h6 3. d4 e6 4. c4 Bb4+ 5. Nc3 d6 6. Bd3 Nd7 7. O-O Bxc3 8. bxc3 e5 9. dxe5 dxe5 10. Ba3 Ne7 11. c5 O-O 12. Bc4 Nc6 13. Qe2 Nf6 14. Rad1 Qe7 15. Nh4 Be6 16. Nf5 Bxf5 17. exf5 Rad8 18. f3 Rxd1 19. Rxd1 Rd8 20. Rxd8+ Qxd8 21. Kf2 Qd7 22. Qd3 Qe7 23. Bb5 e4 24. Qe2 Ne5 25. fxe4 c6 26. Bc4 Neg4+ 27. Kg1 Qe5 28. g3 Qxc3 29. Bb2 Qb4 30. h3 Qxc5+ 31. Kh1 Nxe4 32. Ba3 Qxa3 33. Bxf7+ Kf8 0-1


[Site "https://www.chess.com"]

[Event "Titled Tuesday Blitz March 28 Early 2023"]
[White "Roebers, Eline"]
[Black "rionelG"]
[WhiteFideId "1058401"]
[WhiteElo "2490"]
[BlackElo "2234"]
[Result "1-0"]
[Round "06"]
[TimeControl "180+2"]
[Date "2023.03.28"]
[WhiteClock "0:00:55"]
[BlackClock "0:00:11"]

1. e4 c5 2. b4 cxb4 3. a3 d5 4. e5 bxa3 5. Nxa3 Nc6 6. d4 h5 7. Nf3 Bg4 8. c3 e6 9. Nc2 Nge7 10. h3 Bxf3 11. Qxf3 Nf5 12. Bd3 g6 13. g4 hxg4 14. hxg4 Rxh1+ 15. Qxh1 Qh4 16. Qg2 Nh6 17. Ne3 Be7 18. Rb1 O-O-O 19. Be2 Bg5 20. Bd2 Bf4 21. Kd1 f5 22. gxf5 gxf5 23. Qg6 Qe7 24. Nxd5 Rxd5 25. Bxf4 Nf7 26. Qg7 Nfd8 27. Qxe7 Nxe7 28. Bf3 Ra5 29. Ke2 Ra2+ 30. Bd2 Ndc6 31. Kd3 Kc7 32. Rg1 b6 33. Rg7 Kd8 34. Bg5 Rxf2 35. Bxc6 Rf3+ 36. Bxf3 1-0


[Site "https://www.chess.com"]

[Event "Titled Tuesday Blitz March 28 Early 2023"]
[White "Ljukin, Sergei"]
[Black "Sabar, Ethmane Daouda"]
[WhiteFideId "14102200"]
[BlackFideId "19600097"]
[WhiteElo "2312"]
[BlackElo "1950"]
[Result "1-0"]
[Round "06"]
[TimeControl "180+2"]
[Date "2023.03.28"]
[WhiteClock "0:00:37"]
[BlackClock "0:00:25"]

1. e4 c5 2. Nf3 Nc6 3. d4 cxd4 4. Nxd4 Nf6 5. Nc3 e5 6. Ndb5 d6 7. Nd5 Nxd5 8. exd5 Ne7 9. c3 Nf5 10. a4 a6 11. Na3 g6 12. Be2 a5 13. O-O Bg7 14. Bb5+ Kf8 15. f4 Qb6+ 16. Kh1 Ne3 17. Bxe3 Qxe3 18. Nc4 Qc5 19. fxe5 dxe5 20. Qf3 f5 21. Rae1 Bf6 22. Nxe5 Kg7 23. Nc4 Rd8 24. d6 Bd7 25. Qxb7 Qc8 26. Qxc8 Raxc8 27. Bxd7 Rxd7 28. Nb6 Rcd8 29. Nxd7 Rxd7 30. Rd1 Be5 31. Rfe1 Rxd6 32. Rxd6 Bxd6 33. Re6 1-0


[Site "https://www.chess.com"]

[Event "Titled Tuesday Blitz March 28 Early 2023"]
[White "Adithya A Chullikkad"]
[Black "Zacurdajev, Dmitry"]
[WhiteFideId "45078734"]
[BlackFideId "4196309"]
[WhiteElo "1984"]
[BlackElo "2179"]
[Result "0-1"]
[Round "06"]
[TimeControl "180+2"]
[Date "2023.03.28"]
[WhiteClock "0:00:01"]
[BlackClock "0:00:28"]

1. d4 d5 2. Bf4 e6 3. e3 Nf6 4. c3 Bd6 5. Nf3 O-O 6. Bd3 b6 7. O-O Ba6 8. Bxa6 Nxa6 9. Qa4 Nb8 10. Bxd6 Qxd6 11. Nbd2 c5 12. Ne5 Nfd7 13. Ndf3 f6 14. Nd3 Nc6 15. Rad1 c4 16. Nf4 a6 17. Qc2 f5 18. Rd2 b5 19. Rfd1 b4 20. Ne5 Ndxe5 21. dxe5 Qxe5 22. Nxd5 exd5 23. Rxd5 Qe4 24. Qa4 Rf6 25. R5d4 Nxd4 26. cxd4 Qb7 27. d5 c3 28. d6 Rd8 29. d7 cxb2 30. Qb3+ Kh8 31. Qxb2 Rxd7 32. Rb1 a5 33. g3 h6 34. Qe5 Rfd6 35. f4 Rd1+ 36. Rxd1 Rxd1+ 37. Kf2 Qe4 38. Qb8+ Kh7 39. Qf8 Qc2+ 40. Kf3 Rf1# 0-1


[Site "https://www.chess.com"]

[Event "Titled Tuesday Blitz March 28 Early 2023"]
[White "Tagliata"]
[Black "Gonzalez, Francisco Silva"]
[BlackFideId "1512285"]
[WhiteElo "2207"]
[BlackElo "2074"]
[Result "1/2-1/2"]
[Round "06"]
[TimeControl "180+2"]
[Date "2023.03.28"]
[WhiteClock "0:00:20"]
[BlackClock "0:00:06"]

1. e4 e5 2. Nf3 Nc6 3. d4 exd4 4. Nxd4 Bc5 5. Nb3 Bb6 6. Nc3 a5 7. Bb5 Nge7 8. Bg5 h6 9. Bh4 O-O 10. Nd5 Qe8 11. Bxc6 Nxc6 12. O-O Qxe4 13. Bg3 a4 14. Nc1 Ba5 15. Nxc7 Bxc7 16. Bxc7 d5 17. Nd3 Bg4 18. Qd2 Rfe8 19. Rae1 Qd4 20. c3 Qa7 21. Rxe8+ Rxe8 22. Re1 Qa8 23. Bf4 b6 24. h3 Bf5 25. Ne5 Nxe5 26. Rxe5 Rxe5 27. Bxe5 Qc6 28. Qd4 f6 29. Bf4 Bb1 30. a3 Ba2 31. Be3 b5 32. Qb4 Bc4 33. Qe7 d4 34. Qd8+ Kh7 35. Qxd4 Qd5 36. Qg4 Qe5 37. Bd4 Qe2 38. Qf5+ Kg8 39. Qc8+ Kh7 40. Qd7 Qe6 41. Qxe6 Bxe6 42. Kf1 Kg6 43. Ke2 Kf7 44. Ke3 Bd5 45. g3 g5 46. h4 Kg6 47. hxg5 fxg5 48. f4 h5 49. fxg5 Kxg5 50. Be5 Kg4 51. Bd6 Bc4 52. Kd4 h4 53. gxh4 Kxh4 54. Kc5 Kg4 55. Kb4 Kf3 56. Bc5 1/2-1/2


[Site "https://www.chess.com"]

[Event "Titled Tuesday Blitz March 28 Early 2023"]
[White "Hindermann, Felix"]
[Black "Ciuffoletti, Paolo"]
[WhiteFideId "1305212"]
[BlackFideId "807630"]
[WhiteElo "2206"]
[BlackElo "2143"]
[Result "1-0"]
[Round "06"]
[TimeControl "180+2"]
[Date "2023.03.28"]
[WhiteClock "0:02:45"]
[BlackClock "0:01:13"]

1. e4 c5 2. c3 d5 3. exd5 Qxd5 4. d4 Nc6 5. dxc5 Qxc5 6. Na3 a5 7. Nb5 Qe5+ 8. Be3 Nf6 9. Nf3 Qb8 10. Bb6 e5 11. Nc7+ Ke7 12. Bc5# 1-0


[Site "https://www.chess.com"]

[Event "Titled Tuesday Blitz March 28 Early 2023"]
[White "Topalov, Aleksandar"]
[Black "Napoli, Nicolo"]
[WhiteFideId "925659"]
[BlackFideId "813702"]
[WhiteElo "2151"]
[BlackElo "2308"]
[Result "1-0"]
[Round "06"]
[TimeControl "180+2"]
[Date "2023.03.28"]
[WhiteClock "0:00:13"]
[BlackClock "0:00:32"]

1. b3 d5 2. Bb2 e6 3. Nf3 c5 4. e3 Nf6 5. c4 Nc6 6. cxd5 exd5 7. d3 Bd6 8. Nbd2 Bf5 9. a3 O-O 10. Be2 Qd7 11. O-O Ng4 12. e4 dxe4 13. dxe4 Bg6 14. Nc4 Rad8 15. h3 Bxe4 16. hxg4 Qxg4 17. Nxd6 Qf4 18. Qd2 Qxd6 19. Qxd6 Rxd6 20. Rfd1 Rfd8 21. Rxd6 Rxd6 22. Rd1 Rxd1+ 23. Bxd1 Bd5 24. Ne5 Na5 25. b4 cxb4 26. axb4 Nc4 27. Nxc4 Bxc4 28. Bd4 a6 29. Bf3 f6 30. Bxb7 Kf7 31. f4 Ke6 32. Kf2 Kf5 33. g3 g5 34. Bc8+ Kg6 35. f5+ Kh5 36. Bb7 Kg4 37. Be4 Bb5 38. Bxf6 Bd7 39. Be7 Bxf5 40. Bxf5+ Kxf5 41. Kf3 h5 42. Bc5 Ke5 43. Be3 Kf5 44. Bd4 g4+ 45. Ke3 Kg5 46. Bc5 h4 47. Be7+ Kf5 48. Bxh4 Ke6 49. Kd4 Kf5 50. Kc4 Ke4 51. Kc5 Kf3 52. Kb6 Ke4 53. Kxa6 Kd3 54. b5 Ke2 55. b6 Kf3 56. b7 Kf2 57. b8=Q Kg2 58. Qf4 Kh3 59. Qf5 Kg2 60. Qxg4 Kh2 61. Qe2+ Kg1 62. g4 Kh1 63. g5 Kg1 64. g6 Kh1 65. g7 Kg1 66. g8=Q+ Kh1 67. Qgg2# 1-0


[Site "https://www.chess.com"]

[Event "Titled Tuesday Blitz March 28 Early 2023"]
[White "Lopez, Nelson M, Ii"]
[Black "ritanovikova"]
[WhiteFideId "2027895"]
[WhiteElo "2384"]
[BlackElo "2205"]
[Result "0-1"]
[Round "06"]
[TimeControl "180+2"]
[Date "2023.03.28"]
[WhiteClock "0:00:19"]
[BlackClock "0:00:27"]

1. e4 d5 2. exd5 Qxd5 3. Nc3 Qd6 4. Nf3 Nf6 5. g3 c6 6. Bg2 Bg4 7. d4 e6 8. Bf4 Qb4 9. Qd2 Nbd7 10. O-O-O O-O-O 11. h3 Bf5 12. a3 Qa5 13. g4 Bg6 14. Ne5 Nxe5 15. Bxe5 Nd5 16. Nxd5 Qxd2+ 17. Rxd2 cxd5 18. f4 f6 19. f5 exf5 20. gxf5 fxe5 21. fxg6 e4 22. gxh7 Rxh7 23. c4 dxc4 24. Bxe4 Rh4 25. Re1 Kb8 26. Bf5 Bd6 27. Kc2 Rf4 28. Bg4 Bc7 29. d5 Ba5 30. Red1 Bxd2 31. Rxd2 Rd6 32. Kc3 b5 33. a4 a6 34. axb5 axb5 35. Be6 Kc7 36. Rg2 Rf3+ 37. Kb4 Rb3+ 38. Kc5 Rd8 39. Rxg7+ Kb8 40. Kb6 Rd6+ 41. Kc5 Rd8 42. Bd7 c3 43. bxc3 Rxc3+ 44. Kb6 Rc7 45. Kxb5 Rcxd7 46. Rxd7 Rxd7 47. Kc6 Kc8 48. Kc5 Rh7 49. Kd4 Rxh3 50. Ke5 Kd7 0-1


[Site "https://www.chess.com"]

[Event "Titled Tuesday Blitz March 28 Early 2023"]
[White "Valle Maytin, Luis Enrique"]
[Black "salgadoLO"]
[WhiteFideId "3503666"]
[WhiteElo "2225"]
[BlackElo "2205"]
[Result "1-0"]
[Round "06"]
[TimeControl "180+2"]
[Date "2023.03.28"]
[WhiteClock "0:00:06"]
[BlackClock "0:00:01"]

1. e4 c5 2. Nf3 e6 3. d4 cxd4 4. Nxd4 Nc6 5. Nc3 Qc7 6. a3 a6 7. Be3 Nf6 8. Be2 b5 9. f4 Nxd4 10. Qxd4 Bb7 11. Bf3 d6 12. O-O Be7 13. Rad1 O-O 14. Kh1 Rfd8 15. Qd2 Rac8 16. Qf2 Qc4 17. e5 Bxf3 18. exf6 Bxf6 19. Qxf3 Bxc3 20. bxc3 Qxc3 21. f5 exf5 22. Qf4 Qxc2 23. Bd4 Qe4 24. Qg5 Qg4 25. Qe7 Re8 26. Qxd6 Re2 27. Qg3 Qxg3 28. hxg3 Rcc2 29. Rf2 h6 30. Rxe2 Rxe2 31. Bc5 Re5 32. Bb4 Re3 33. Kh2 Kh7 34. Rd6 a5 35. Bxa5 Rc3 36. Bb4 Rc4 37. Rb6 f4 38. gxf4 Rxf4 39. Rxb5 h5 40. Be1 Kg6 41. Rb3 Rc4 42. Bg3 Kh6 43. Rb4 Rc3 44. a4 g5 45. Bc7 h4 46. a5 f5 47. a6 g4 48. a7 Ra3 49. Rb7 Ra1 50. g3 h3 51. Bf4+ Kg6 52. Be3 Kf6 53. Rb8 Ra2+ 54. Kh1 Ra1+ 55. Bg1 h2 56. Kxh2 Rxa7 57. Bxa7 1-0


[Site "https://www.chess.com"]

[Event "Titled Tuesday Blitz March 28 Early 2023"]
[White "Avazkhonov, Alikhon"]
[Black "Torres Dominguez, David"]
[WhiteFideId "14208504"]
[BlackFideId "2220857"]
[WhiteElo "1739"]
[BlackElo "1999"]
[Result "0-1"]
[Round "06"]
[TimeControl "180+2"]
[Date "2023.03.28"]
[WhiteClock "0:00:01"]
[BlackClock "0:00:59"]

1. d4 e5 2. dxe5 d6 3. exd6 Bxd6 4. Nf3 Bg4 5. Nbd2 Nc6 6. g3 Qe7 7. Bg2 O-O-O 8. O-O Nf6 9. h3 Bd7 10. c3 Kb8 11. b4 h5 12. a4 h4 13. gxh4 Nd5 14. Qc2 Nf4 15. Qe4 Nxg2 16. Qxe7 Nxe7 17. Kxg2 Ng6 18. Ne4 Be7 19. Bg5 f6 20. Be3 Nxh4+ 21. Nxh4 Rxh4 22. Ng3 Bxh3+ 23. Kf3 Bxf1 24. Rxf1 Rhh8 25. Nf5 Bf8 26. Nd4 Re8 27. Rd1 Kc8 28. Bf4 a6 29. e4 g5 30. Bg3 Rh7 31. Rc1 Rd7 32. Nf5 Rd3+ 33. Ke2 Rd5 34. f3 Rxf5 35. Kf2 Rfe5 36. Bxe5 fxe5 37. Rh1 Bd6 38. Rh7 Rg8 39. Kg3 b5 40. axb5 axb5 41. Kg4 Kb7 42. Kf5 Rf8+ 43. Kg4 Rf4+ 44. Kg3 Rf8 45. Rg7 Ra8 46. Rxg5 Ra3 47. Rg6 Rxc3 0-1


[Site "https://www.chess.com"]

[Event "Titled Tuesday Blitz March 28 Early 2023"]
[White "Silvestre, Christian"]
[Black "Kuchava, Ana"]
[WhiteFideId "30956269"]
[BlackFideId "13605348"]
[WhiteElo "2366"]
[BlackElo "2001"]
[Result "1-0"]
[Round "06"]
[TimeControl "180+2"]
[Date "2023.03.28"]
[WhiteClock "0:01:42"]
[BlackClock "0:00:26"]

1. d4 d5 2. Bg5 Nf6 3. Bxf6 exf6 4. e3 Bd6 5. g3 O-O 6. Bg2 c6 7. Nd2 Re8 8. Ne2 Bf5 9. O-O Qc8 10. c4 dxc4 11. Nxc4 Bc7 12. Nf4 Bxf4 13. gxf4 Qc7 14. Kh1 Nd7 15. Rg1 Nb6 16. Nd2 Rad8 17. Rc1 Qd7 18. Qh5 Bg6 19. Qh4 Kh8 20. Bf3 Nd5 21. a3 Ne7 22. Qg3 Nf5 23. Qg2 Nh4 24. Qg3 Nxf3 25. Nxf3 Be4 26. Qxg7# 1-0


[Site "https://www.chess.com"]

[Event "Titled Tuesday Blitz March 28 Early 2023"]
[White "Barria Santos, Jose Guilherme"]
[Black "Shkuran, Danylo"]
[WhiteFideId "1939300"]
[BlackFideId "14106248"]
[WhiteElo "2301"]
[BlackElo "2427"]
[Result "0-1"]
[Round "06"]
[TimeControl "180+2"]
[Date "2023.03.28"]
[WhiteClock "0:00:20"]
[BlackClock "0:00:07"]

1. e4 e6 2. d4 d5 3. Nd2 c5 4. Bb5+ Bd7 5. Bxd7+ Qxd7 6. exd5 Qxd5 7. Ngf3 cxd4 8. Nb3 Nc6 9. O-O Nf6 10. Nbxd4 Nxd4 11. Qxd4 Bc5 12. Qxd5 Nxd5 13. c4 Ne7 14. Bf4 Nf5 15. Rfd1 Ke7 16. a3 a5 17. Rab1 a4 18. b4 axb3 19. Rxb3 b6 20. Bc7 Rxa3 21. Rxa3 Bxa3 22. Bxb6 Rc8 23. g4 Nd6 24. Ra1 Nxc4 25. Bd4 f6 26. g5 e5 27. Re1 Kf7 28. Ba1 Bc5 29. Kg2 Nb6 30. Rc1 Nd5 31. Bb2 Nf4+ 32. Kf1 Nd3 33. Rc2 Rc7 34. Ba3 Bb6 35. Rxc7+ Bxc7 36. gxf6 gxf6 37. Ke2 Nf4+ 38. Ke3 Bb6+ 39. Ke4 Bxf2 40. Nxe5+ fxe5 41. Kxe5 Ng6+ 42. Kf5 Bg1 43. Bc1 Bxh2 44. Bh6 Bd6 45. Kg5 Bf4+ 46. Kf5 Bxh6 47. Kg4 Bg7 48. Kh5 Kf6 49. Kg4 Nf8 50. Kh4 Kg6 51. Kg4 h5+ 52. Kh3 Bf6 53. Kg3 Kg5 54. Kh2 h4 55. Kg2 Kg4 56. Kh1 h3 57. Kg1 Kg3 58. Kh1 Nh7 59. Kg1 Ng5 60. Kh1 Ne4 61. Kg1 h2+ 62. Kh1 Nf2# 0-1


[Site "https://www.chess.com"]

[Event "Titled Tuesday Blitz March 28 Early 2023"]
[White "Chemin, Justo Reinaldo"]
[Black "Jiganchine, Roman"]
[WhiteFideId "2101580"]
[BlackFideId "2603667"]
[WhiteElo "1940"]
[BlackElo "2328"]
[Result "0-1"]
[Round "06"]
[TimeControl "180+2"]
[Date "2023.03.28"]
[WhiteClock "0:00:01"]
[BlackClock "0:00:24"]

1. e4 c6 2. d4 d5 3. exd5 cxd5 4. Bd3 Nc6 5. c3 Nf6 6. h3 g6 7. Nf3 Bf5 8. Bxf5 gxf5 9. O-O e6 10. Bg5 Be7 11. Bxf6 Bxf6 12. Re1 Qd6 13. Na3 a6 14. Qe2 O-O-O 15. Nc2 Rhg8 16. b4 Ne7 17. a4 Ng6 18. Ne5 Nf4 19. Qf3 Nxg2 20. Kh1 Nxe1 21. Rxe1 Bxe5 22. Rxe5 Rg6 23. Ne3 Rdg8 24. b5 a5 25. c4 Qb4 26. Qd1 f4 27. cxd5 fxe3 28. Qc1+ Kb8 29. d6 Qxd6 30. Rxe3 Qd5+ 0-1


[Site "https://www.chess.com"]

[Event "Titled Tuesday Blitz March 28 Early 2023"]
[White "Kriti Mayur Patel"]
[Black "Fathy, Elameir"]
[WhiteFideId "35061780"]
[BlackFideId "10600396"]
[WhiteElo "1306"]
[BlackElo "2311"]
[Result "1-0"]
[Round "06"]
[TimeControl "180+2"]
[Date "2023.03.28"]
[WhiteClock "0:00:20"]
[BlackClock "0:00:05"]

1. e4 c6 2. d4 d5 3. exd5 cxd5 4. Bd3 Nc6 5. c3 Nf6 6. h3 e5 7. dxe5 Nxe5 8. Nf3 Nxd3+ 9. Qxd3 Bd6 10. Kf1 O-O 11. Bg5 Be6 12. g4 h6 13. Bh4 Be7 14. g5 Ne4 15. Nbd2 Nxg5 16. Bxg5 hxg5 17. Re1 Qd7 18. Ne5 Bxh3+ 19. Rxh3 Qxh3+ 20. Qxh3 Bf6 21. Ng4 Bd8 22. Kg2 f6 23. Rh1 Kf7 24. Qh5+ Ke7 25. Qg6 Rf7 26. Nf3 Bc7 27. Nd4 1-0


[Site "https://www.chess.com"]

[Event "Titled Tuesday Blitz March 28 Early 2023"]
[White "BeReal24"]
[Black "Maranhao,Jose Renato Ruiz"]
[BlackFideId "2135175"]
[WhiteElo "2316"]
[BlackElo "1970"]
[Result "1-0"]
[Round "06"]
[TimeControl "180+2"]
[Date "2023.03.28"]
[WhiteClock "0:02:05"]
[BlackClock "0:00:01"]

1. e4 c6 2. c4 d5 3. cxd5 cxd5 4. exd5 Nf6 5. Nc3 Nxd5 6. Nf3 Nc6 7. Bc4 Nb6 8. Bb3 Nd4 9. Nxd4 Qxd4 10. O-O Bg4 11. Qe1 e6 12. d3 Qxd3 13. Be3 Bb4 14. f3 Bxc3 15. bxc3 Bf5 16. Rd1 Qa6 17. Bc5 Bd3 18. Bxe6 Bxf1 19. Bc4+ Be2 20. Qxe2# 1-0


[Site "https://www.chess.com"]

[Event "Titled Tuesday Blitz March 28 Early 2023"]
[White "Prado, Alexandra"]
[Black "Gronnestad, Anita"]
[WhiteFideId "3301346"]
[BlackFideId "1502972"]
[WhiteElo "1759"]
[BlackElo "1939"]
[Result "0-1"]
[Round "06"]
[TimeControl "180+2"]
[Date "2023.03.28"]
[WhiteClock "0:00:03"]
[BlackClock "0:00:47"]

1. e4 c6 2. d4 d5 3. exd5 cxd5 4. c4 Nf6 5. Nc3 Nc6 6. cxd5 Nxd5 7. Nf3 g6 8. Bc4 Nxc3 9. bxc3 Bg7 10. O-O O-O 11. Re1 Qc7 12. Bb3 a5 13. Bg5 h6 14. Bh4 Bg4 15. h3 Bxf3 16. Qxf3 a4 17. Bd5 e6 18. Bxc6 Qxc6 19. Qxc6 bxc6 20. Rab1 Rab8 21. Bg3 Rb5 22. Rxb5 cxb5 23. Rb1 Rc8 24. Rxb5 Rxc3 25. d5 exd5 26. Rxd5 Rc2 27. a3 Ra2 28. Rd8+ Kh7 29. Bd6 Rd2 30. Be7 Re2 31. Bb4 Be5 32. g3 Ra2 33. Rd7 Kg8 34. Ra7 Bd4 35. Rxa4 Bxf2+ 36. Kg2 Bc5+ 37. Kf3 Bxb4 38. Rxb4 Rxa3+ 39. Kf4 Kg7 40. h4 Ra1 41. Rc4 Rf1+ 42. Ke3 Rg1 43. Kf2 Rb1 44. Kf3 Kf6 45. Rc6+ Kf5 46. Rc5+ Ke6 47. Rc6+ Ke5 48. Rc7 g5 49. Rxf7 Rf1+ 50. Kg4 Rxf7 51. hxg5 hxg5 52. Kxg5 Rg7+ 0-1


[Site "https://www.chess.com"]

[Event "Titled Tuesday Blitz March 28 Early 2023"]
[White "Ansh M Shah"]
[Black "Semenova, Alina"]
[WhiteFideId "25033379"]
[BlackFideId "24113875"]
[WhiteElo "2084"]
[BlackElo "1833"]
[Result "1-0"]
[Round "06"]
[TimeControl "180+2"]
[Date "2023.03.28"]
[WhiteClock "0:00:11"]
[BlackClock "0:00:04"]

1. d4 Nf6 2. c4 e6 3. g3 d5 4. Bg2 Be7 5. Nf3 O-O 6. O-O dxc4 7. Qc2 a6 8. a4 Nc6 9. Qxc4 Qd5 10. Qxd5 exd5 11. Nc3 Be6 12. Bf4 Rac8 13. h3 Ne4 14. Rfc1 f5 15. e3 h6 16. Ne5 Nxe5 17. Bxe5 c6 18. a5 Bf6 19. Bxf6 Rxf6 20. Na4 Rc7 21. Ra3 Nd2 22. Nb6 Rff7 23. Rc2 Ne4 24. Na4 g5 25. Bxe4 fxe4 26. Kg2 Bc8 27. Rb3 Kg7 28. Rb4 h5 29. Nc5 Kf6 30. Ra4 Ke7 31. Ra1 Kd6 32. Rf1 Rf6 33. Rfc1 Rcf7 34. Nxa6 bxa6 35. Rxc6+ Ke7 36. Rc7+ Kf8 37. Rxc8+ Kg7 38. R1c2 Rd6 39. R8c6 Rff6 40. Rxd6 Rxd6 41. Rc5 Kf6 42. b4 Ke6 43. b5 axb5 44. Rxb5 Ra6 45. h4 g4 46. Kf1 Kd6 47. Ke2 Kc6 48. Rc5+ Kd6 49. Kd2 Ra8 50. Rb5 Kc6 51. Rb6+ Kc7 52. Rh6 Rxa5 53. Rxh5 Ra2+ 54. Kc3 Rxf2 55. Rxd5 Rf3 56. Kd2 Rxg3 57. Re5 Rh3 58. Rxe4 g3 59. Rg4 Rh2+ 60. Kd3 g2 61. Ke4 Kd7 62. Kf3 g1=Q 63. Rxg1 Rxh4 64. Rg4 Rh8 65. Ke4 Re8+ 66. Kd3 Ke6 67. Rg6+ Kf7 68. Ra6 Rb8 69. e4 Ke7 70. e5 Rb3+ 71. Ke4 Rb1 72. Kd5 Rb5+ 73. Ke4 Rb1 74. Ra7+ Kd8 75. d5 Re1+ 76. Kf5 Rf1+ 77. Ke6 Kc8 78. d6 Rh1 79. Ra8+ Kb7 80. Rf8 Rh6+ 81. Rf6 Rh7 82. Rf7+ Rxf7 83. Kxf7 Kc8 84. e6 Kd8 85. e7+ 1-0


[Site "https://www.chess.com"]

[Event "Titled Tuesday Blitz March 28 Early 2023"]
[White "Ramirez, Maria Eugenia"]
[Black "Larina, Maria"]
[WhiteFideId "3301680"]
[BlackFideId "24113182"]
[WhiteElo "1842"]
[BlackElo "1848"]
[Result "0-1"]
[Round "06"]
[TimeControl "180+2"]
[Date "2023.03.28"]
[WhiteClock "0:00:02"]
[BlackClock "0:00:04"]

1. e4 c6 2. d4 d5 3. exd5 cxd5 4. c4 Nf6 5. Nf3 e6 6. Nc3 Bb4 7. Bd3 dxc4 8. Bxc4 Nc6 9. O-O O-O 10. Be3 b6 11. h3 Bb7 12. d5 exd5 13. Nxd5 Nxd5 14. Bxd5 Qd7 15. Rc1 Rac8 16. Bxc6 Bxc6 17. Ne5 Qxd1 18. Rfxd1 Bb5 19. a3 Be7 20. Rxc8 Rxc8 21. Rd5 Be8 22. Rd1 f6 23. Nf3 Kf7 24. Re1 Bc5 25. Nd4 g6 26. b4 Bd6 27. Rd1 Be7 28. b5 Rc3 29. Ra1 Rxa3 30. Rc1 Bc5 31. Nc6 Bxe3 32. fxe3 Rxe3 33. Nxa7 Re7 34. Nc8 Re5 35. Rc7+ Kf8 36. Rxh7 Bf7 37. Nd6 Bg8 38. Rb7 Re1+ 39. Kh2 Rb1 40. Rxb6 Bd5 41. Rb8+ Ke7 42. Nc8+ Kd8 43. Nb6+ Kc7 44. Nxd5+ Kxb8 45. Nxf6 Rxb5 46. Ng4 Kc7 47. g3 Kd7 48. h4 Ke7 49. Kh3 Kf7 50. Ne3 Kg7 51. Ng4 Rb3 52. Nf2 Kf6 53. Ne4+ Ke5 54. Nc5 Rb1 55. Nd3+ Ke4 56. Nf4 Kf5 57. Kg2 Rb2+ 58. Kh3 Rb3 59. Ne2 Rb1 60. Nd4+ Ke4 61. Ne6 Kf3 62. Ng5+ Kf2 63. Kg4 Rg1 64. Ne4+ Ke3 65. Nf6 Kf2 66. Ne4+ Ke2 67. Nf6 Ke3 68. Nd5+ Kd4 69. Nf4 Ke3 70. Nxg6 Kf2 0-1


[Site "https://www.chess.com"]

[Event "Titled Tuesday Blitz March 28 Early 2023"]
[White "Prohorov, Olexandr"]
[Black "Necula, Iulian"]
[WhiteFideId "14105578"]
[BlackFideId "1232380"]
[WhiteElo "1993"]
[BlackElo "1790"]
[Result "1-0"]
[Round "06"]
[TimeControl "180+2"]
[Date "2023.03.28"]
[WhiteClock "0:01:58"]
[BlackClock "0:00:26"]

1. e3 d6 2. d4 f5 3. Nf3 Nf6 4. c4 g6 5. b4 Bg7 6. Bb2 O-O 7. Be2 a5 8. b5 a4 9. O-O c6 10. a3 cxb5 11. cxb5 Nbd7 12. Nc3 Nb6 13. Rc1 Bd7 14. Nd2 e5 15. dxe5 dxe5 16. Nc4 Nxc4 17. Bxc4+ Kh8 18. Qe2 Qe8 19. Rfd1 h6 20. Nd5 Nxd5 21. Rxd5 Be6 22. Rd6 Bxc4 23. Qxc4 Kh7 24. h4 Qf7 25. Qc7 Rae8 26. b6 Re7 27. Qc5 e4 28. Bxg7 Qxg7 29. h5 Rf6 30. Rd8 g5 31. Rcd1 Rfe6 32. R1d6 Qa1+ 33. Kh2 Qf6 34. Rxe6 Qxe6 35. g3 f4 36. exf4 gxf4 37. gxf4 Rg7 38. Qc8 Rg2+ 39. Kxg2 1-0


[Site "https://www.chess.com"]

[Event "Titled Tuesday Blitz March 28 Early 2023"]
[White "Akhmetov, Ayan"]
[Black "Li, Eric"]
[WhiteFideId "13703706"]
[BlackFideId "30939941"]
[WhiteElo "2398"]
[BlackElo "2262"]
[Result "1-0"]
[Round "06"]
[TimeControl "180+2"]
[Date "2023.03.28"]
[WhiteClock "0:00:57"]
[BlackClock "0:00:03"]

1. Nf3 d5 2. g3 Nf6 3. Bg2 c6 4. c4 Bf5 5. O-O e6 6. cxd5 exd5 7. d3 Nbd7 8. Qb3 Qb6 9. Qc2 Be7 10. Nc3 O-O 11. e4 dxe4 12. dxe4 Bg6 13. Be3 Bc5 14. Na4 Bxe3 15. Nxb6 Bxb6 16. Nh4 Rfe8 17. Nxg6 hxg6 18. Rad1 Nc5 19. Rfe1 Ne6 20. h3 Rad8 21. e5 Nd7 22. Kh2 Ndc5 23. b4 Na6 24. a3 Nd4 25. Qc4 Nc7 1-0


[Site "https://www.chess.com"]